[ PARTIDA AOE2 · #495300553 ]
UnrankedRomanos vs Goths
Equipo del jugador · DERR
Equipo rival · VICT
[ ANÁLISIS DE REPETICIÓN · EXTRAÍDO DE LA PARTIDA GRABADA ]
Feudal
8:59
Castillos
20:15
Imperial
38:15
| APM promedio | 55.9 |
| APM pico | 102 |
| eAPM promedio | 33.0 |
| Aldeanos / militares | 282 / 269 |
Foco
⚔️ 33.4% · 🌾 66.6%
Centurion ×87 · Scorpion ×68 · Scout Cavalry ×40 · Archer ×22 · Battering Ram ×21 · Knight ×11
Feudal
8:51
Castillos
21:23
Imperial
39:07
| APM promedio | 63.1 |
| APM pico | 97 |
| eAPM promedio | 31.2 |
| Aldeanos / militares | 164 / 371 |
Foco
⚔️ 49.6% · 🌾 50.4%
Spearman ×166 · Huskarl ×67 · Cavalry Archer ×59 · Archer ×35 · Skirmisher ×28 · Trebuchet (Packed) ×7
Mapa de la partida
Recursos iniciales + cada clic de construcción. Líneas = muros · curvas = relieve. ◆ oro · ⬟ piedra · ● bayas · ✦ reliquia · ◌ hueco del cierre
Tu base· Abierta — flanco sin cerrar
Base de Nobody· ✓ Cerrada en 21:23 · 19t muro · 1 puerta(s)
Terreno inicial suavizado · ◌ = hueco del cierre detectado · pasá el cursor para detalles
Inputs por minuto
— SneakySalmon - - Nobody
Build order — SneakySalmon
Primeras 150 de 862 acciones detectadas
| 0:00 | Crear | Villager (Male) |
| 0:00 | Crear | Villager (Male) |
| 0:01 | Crear | Villager (Male) |
| 0:01 | Crear | Villager (Male) |
| 0:02 | Construir | House |
| 0:03 | Construir | House |
| 1:40 | Crear | Villager (Male) |
| 1:41 | Crear | Villager (Male) |
| 1:58 | Crear | Villager (Male) |
| 2:20 | Crear | Villager (Male) |
| 2:22 | Construir | Lumber Camp |
| 2:54 | Crear | Villager (Male) |
| 2:54 | Crear | Villager (Male) |
| 3:14 | Crear | Villager (Male) |
| 3:31 | Construir | House |
| 4:01 | Crear | Villager (Male) |
| 4:01 | Crear | Villager (Male) |
| 4:28 | Crear | Villager (Male) |
| 4:53 | Crear | Villager (Male) |
| 5:15 | Crear | Villager (Male) |
| 5:21 | Construir | Barracks |
| 5:28 | Crear | Villager (Male) |
| 5:56 | Construir | House |
| 6:19 | Investigar | Loom |
| 6:22 | Crear | Villager (Male) |
| 6:23 | Investigar | Loom |
| 6:49 | Investigar | Feudal Age |
| 6:49 | Investigar | Loom |
| 7:13 | Crear | Militia |
| 7:13 | Crear | Militia |
| 7:13 | Crear | Militia |
| 7:32 | Construir | Mining Camp |
| 7:38 | Crear | Militia |
| 7:48 | Construir | Palisade Wall |
| 7:53 | Construir | Palisade Wall |
| 8:12 | Construir | House |
| 8:14 | Construir | Palisade Wall |
| 8:27 | Crear | Villager (Male) |
| 8:31 | Investigar | Loom |
| 8:59 | Edad | Edad Feudal |
| 9:03 | Construir | Archery Range |
| 9:03 | Investigar | Man-at-Arms (upgrade) |
| 9:04 | Investigar | Double-Bit Axe |
| 9:19 | Crear | Villager (Male) |
| 9:41 | Crear | Archer |
| 9:41 | Crear | Archer |
| 9:43 | Construir | House |
| 9:46 | Construir | House |
| 9:50 | Crear | Villager (Male) |
| 9:54 | Construir | Mill |
| 10:36 | Crear | Archer |
| 10:37 | Crear | Villager (Male) |
| 11:02 | Crear | Villager (Male) |
| 11:02 | Crear | Villager (Male) |
| 11:10 | Construir | Farm |
| 11:13 | Construir | Farm |
| 11:15 | Construir | House |
| 11:16 | Crear | Archer |
| 11:32 | Construir | House |
| 11:34 | Construir | Palisade Wall |
| 11:40 | Crear | Villager (Male) |
| 11:42 | Crear | Archer |
| 11:44 | Construir | Farm |
| 11:49 | Construir | Farm |
| 12:07 | Construir | Farm |
| 12:08 | Crear | Villager (Male) |
| 12:21 | Construir | Blacksmith |
| 12:22 | Crear | Villager (Male) |
| 12:34 | Crear | Archer |
| 12:48 | Crear | Villager (Male) |
| 12:48 | Crear | Villager (Male) |
| 12:58 | Construir | Farm |
| 12:59 | Crear | Villager (Male) |
| 13:01 | Construir | Farm |
| 13:18 | Crear | Archer |
| 13:47 | Investigar | Fletching |
| 13:49 | Crear | Villager (Male) |
| 13:52 | Construir | Farm |
| 13:58 | Construir | Farm |
| 14:00 | Crear | Villager (Male) |
| 14:18 | Crear | Archer |
| 14:18 | Crear | Villager (Male) |
| 14:26 | Construir | Farm |
| 14:43 | Construir | Farm |
| 14:45 | Crear | Archer |
| 15:01 | Crear | Villager (Male) |
| 15:18 | Crear | Villager (Male) |
| 15:38 | Construir | Stable |
| 15:39 | Crear | Archer |
| 15:42 | Crear | Villager (Male) |
| 16:00 | Construir | Farm |
| 16:07 | Crear | Archer |
| 16:27 | Crear | Scout Cavalry |
| 16:27 | Crear | Scout Cavalry |
| 16:28 | Crear | Villager (Male) |
| 16:45 | Construir | House |
| 16:48 | Construir | Palisade Wall |
| 16:54 | Crear | Villager (Male) |
| 17:13 | Construir | Farm |
| 17:14 | Construir | Farm |
| 17:24 | Crear | Archer |
| 17:32 | Construir | Farm |
| 17:35 | Investigar | Castle Age |
| 17:35 | Investigar | Castle Age |
| 17:48 | Crear | Archer |
| 18:02 | Crear | Archer |
| 18:15 | Construir | Lumber Camp |
| 18:28 | Crear | Archer |
| 18:40 | Crear | Scout Cavalry |
| 19:05 | Construir | House |
| 19:06 | Construir | Palisade Wall |
| 19:21 | Crear | Archer |
| 19:43 | Crear | Villager (Male) |
| 19:57 | Investigar | Horse Collar |
| 20:15 | Edad | Edad de los Castillos |
| 20:18 | Investigar | Crossbowman (upgrade) |
| 20:19 | Investigar | Bodkin Arrow |
| 20:33 | Construir | Siege Workshop |
| 20:40 | Crear | Villager (Male) |
| 20:52 | Investigar | Bow Saw |
| 20:56 | Construir | Town Center |
| 21:05 | Crear | Villager (Male) |
| 21:16 | Investigar | Padded Archer Armor |
| 21:23 | Crear | Mangonel |
| 21:24 | Construir | House |
| 21:28 | Crear | Villager (Male) |
| 21:45 | Crear | Mangonel |
| 21:46 | Crear | Villager (Male) |
| 21:46 | Crear | Villager (Male) |
| 21:48 | Crear | Archer |
| 21:48 | Crear | Archer |
| 22:06 | Crear | Villager (Male) |
| 22:06 | Crear | Villager (Male) |
| 22:25 | Construir | Town Center |
| 22:35 | Crear | Villager (Male) |
| 22:42 | Crear | Mangonel |
| 22:43 | Crear | Villager (Male) |
| 22:51 | Construir | Farm |
| 23:02 | Crear | Villager (Male) |
| 23:02 | Crear | Villager (Male) |
| 23:03 | Crear | Archer |
| 23:03 | Crear | Archer |
| 23:29 | Crear | Villager (Male) |
| 23:29 | Crear | Villager (Male) |
| 23:34 | Construir | Farm |
| 23:35 | Crear | Villager (Male) |
| 23:36 | Construir | Farm |
| 23:37 | Construir | Farm |
| 23:37 | Construir | Farm |
| 23:37 | Construir | Farm |
Build order — Nobody
Primeras 150 de 803 acciones detectadas
| 0:00 | Crear | Villager (Male) |
| 0:02 | Construir | House |
| 0:03 | Construir | House |
| 0:04 | Crear | Villager (Male) |
| 0:09 | Crear | Villager (Male) |
| 0:12 | Crear | Villager (Male) |
| 1:25 | Crear | Villager (Male) |
| 1:56 | Construir | Lumber Camp |
| 2:01 | Crear | Villager (Male) |
| 2:01 | Crear | Villager (Male) |
| 2:17 | Crear | Villager (Male) |
| 2:39 | Construir | House |
| 2:49 | Crear | Villager (Male) |
| 3:18 | Crear | Villager (Male) |
| 3:40 | Crear | Villager (Male) |
| 3:56 | Crear | Villager (Male) |
| 4:07 | Crear | Villager (Male) |
| 4:51 | Crear | Villager (Male) |
| 5:15 | Crear | Villager (Male) |
| 5:18 | Crear | Villager (Male) |
| 5:31 | Construir | Mill |
| 6:06 | Crear | Villager (Male) |
| 6:11 | Crear | Villager (Male) |
| 6:16 | Crear | Villager (Male) |
| 6:30 | Investigar | Feudal Age |
| 6:31 | Investigar | Feudal Age |
| 6:31 | Investigar | Feudal Age |
| 6:31 | Investigar | Feudal Age |
| 7:47 | Construir | Barracks |
| 8:12 | Construir | House |
| 8:50 | Investigar | Loom |
| 8:51 | Edad | Edad Feudal |
| 8:53 | Crear | Villager (Male) |
| 8:56 | Crear | Spearman |
| 9:04 | Crear | Villager (Male) |
| 9:07 | Construir | House |
| 9:10 | Construir | Archery Range |
| 9:16 | Investigar | Double-Bit Axe |
| 9:16 | Investigar | Double-Bit Axe |
| 9:16 | Investigar | Double-Bit Axe |
| 9:16 | Investigar | Double-Bit Axe |
| 9:20 | Investigar | Horse Collar |
| 9:21 | Investigar | Horse Collar |
| 9:21 | Investigar | Horse Collar |
| 9:21 | Investigar | Horse Collar |
| 9:21 | Investigar | Horse Collar |
| 9:27 | Crear | Spearman |
| 9:39 | Crear | Villager (Male) |
| 9:49 | Construir | House |
| 9:51 | Crear | Villager (Male) |
| 9:54 | Construir | House |
| 9:55 | Construir | Palisade Wall |
| 10:03 | Crear | Skirmisher |
| 10:04 | Crear | Skirmisher |
| 10:11 | Construir | Palisade Wall |
| 10:12 | Construir | Palisade Wall |
| 10:20 | Crear | Villager (Male) |
| 10:29 | Crear | Villager (Male) |
| 10:36 | Crear | Villager (Male) |
| 11:16 | Construir | Farm |
| 11:18 | Construir | Farm |
| 11:19 | Crear | Villager (Male) |
| 11:24 | Crear | Skirmisher |
| 11:25 | Crear | Skirmisher |
| 11:29 | Construir | House |
| 11:37 | Construir | Farm |
| 11:39 | Construir | Farm |
| 11:44 | Crear | Villager (Male) |
| 11:51 | Crear | Skirmisher |
| 12:03 | Crear | Skirmisher |
| 12:11 | Crear | Villager (Male) |
| 12:23 | Crear | Villager (Male) |
| 12:26 | Crear | Villager (Male) |
| 12:28 | Construir | Blacksmith |
| 12:35 | Crear | Villager (Male) |
| 12:37 | Construir | House |
| 12:50 | Crear | Skirmisher |
| 13:06 | Construir | Lumber Camp |
| 13:08 | Investigar | Fletching |
| 13:08 | Investigar | Fletching |
| 13:08 | Investigar | Fletching |
| 13:08 | Investigar | Fletching |
| 13:09 | Crear | Skirmisher |
| 13:14 | Construir | House |
| 13:26 | Construir | Palisade Wall |
| 13:28 | Crear | Villager (Male) |
| 13:34 | Crear | Villager (Male) |
| 13:41 | Construir | Farm |
| 13:47 | Construir | Farm |
| 13:56 | Construir | Palisade Wall |
| 14:15 | Crear | Villager (Male) |
| 14:19 | Crear | Skirmisher |
| 14:22 | Crear | Villager (Male) |
| 14:24 | Construir | Farm |
| 14:25 | Construir | Farm |
| 14:39 | Construir | Mining Camp |
| 14:42 | Construir | Farm |
| 14:58 | Construir | Farm |
| 15:00 | Crear | Villager (Male) |
| 15:22 | Crear | Villager (Male) |
| 15:25 | Construir | Farm |
| 15:41 | Crear | Villager (Male) |
| 15:43 | Construir | Farm |
| 15:45 | Construir | Farm |
| 15:57 | Construir | Farm |
| 16:06 | Construir | House |
| 16:20 | Crear | Villager (Male) |
| 16:39 | Crear | Villager (Male) |
| 17:07 | Crear | Villager (Male) |
| 17:14 | Construir | Farm |
| 17:16 | Construir | Farm |
| 17:18 | Crear | Archer |
| 17:23 | Construir | Archery Range |
| 17:28 | Crear | Villager (Male) |
| 17:41 | Construir | House |
| 17:47 | Crear | Villager (Male) |
| 18:13 | Crear | Skirmisher |
| 18:17 | Construir | House |
| 18:18 | Crear | Villager (Male) |
| 18:28 | Construir | House |
| 18:36 | Investigar | Castle Age |
| 18:36 | Investigar | Castle Age |
| 18:36 | Investigar | Castle Age |
| 18:36 | Investigar | Castle Age |
| 18:42 | Crear | Skirmisher |
| 18:44 | Construir | House |
| 18:59 | Investigar | Padded Archer Armor |
| 18:59 | Investigar | Padded Archer Armor |
| 18:59 | Investigar | Padded Archer Armor |
| 18:59 | Investigar | Padded Archer Armor |
| 19:05 | Crear | Archer |
| 19:10 | Construir | House |
| 19:14 | Construir | House |
| 19:19 | Crear | Archer |
| 19:42 | Construir | Palisade Gate |
| 19:44 | Crear | Archer |
| 19:44 | Crear | Archer |
| 19:45 | Crear | Archer |
| 20:06 | Construir | Palisade Wall |
| 20:09 | Crear | Archer |
| 20:09 | Crear | Archer |
| 20:24 | Crear | Archer |
| 21:23 | Edad | Edad de los Castillos |
| 21:26 | Investigar | Elite Skirmisher (upgrade) |
| 21:27 | Investigar | Crossbowman (upgrade) |
| 21:30 | Crear | Villager (Male) |
| 21:41 | Crear | Villager (Male) |
| 21:43 | Construir | University |
| 21:49 | Investigar | Bodkin Arrow |
| 21:50 | Crear | Villager (Male) |
Cronología de la partida
| 5:21 | SneakySalmon · first_building Barracks |
| 7:47 | Nobody · first_building Barracks |
| 7:48 | SneakySalmon · wall_segment Palisade Wall x2 |
| 7:53 | SneakySalmon · wall_segment Palisade Wall x1 |
| 8:14 | SneakySalmon · wall_segment Palisade Wall x2 |
| 8:51 | Nobody · age_up feudal |
| 8:59 | SneakySalmon · age_up feudal |
| 9:03 | SneakySalmon · first_building Archery Range |
| 9:10 | Nobody · first_building Archery Range |
| 9:55 | Nobody · wall_segment Palisade Wall x1 |
| 10:11 | Nobody · wall_segment Palisade Wall x1 |
| 10:12 | Nobody · wall_segment Palisade Wall x1 |
| 11:34 | SneakySalmon · wall_segment Palisade Wall x5 |
| 13:26 | Nobody · wall_segment Palisade Wall x9 |
| 13:56 | Nobody · wall_segment Palisade Wall x6 |
| 15:38 | SneakySalmon · first_building Stable |
| 16:48 | SneakySalmon · wall_segment Palisade Wall x1 |
| 19:06 | SneakySalmon · wall_segment Palisade Wall x1 |
| 20:06 | Nobody · wall_segment Palisade Wall x1 |
| 20:15 | SneakySalmon · age_up castle |
| 20:33 | SneakySalmon · first_building Siege Workshop |
| 21:23 | Nobody · age_up castle |
| 23:35 | Nobody · first_building Siege Workshop |
| 26:52 | Nobody · first_building Monastery |
| 29:02 | SneakySalmon · first_market_buy 100 wood |
| 33:24 | SneakySalmon · first_building Castle |
| 33:41 | SneakySalmon · first_building Monastery |
| 33:45 | Nobody · first_building Castle |
| 35:02 | SneakySalmon · first_market_sell 100 food |
| 35:34 | Nobody · first_market_sell 100 food |
| 36:22 | Nobody · first_building Stable |
| 38:15 | SneakySalmon · age_up imperial |
| 39:07 | Nobody · age_up imperial |
| 42:39 | Nobody · first_market_buy 100 wood |
| 58:49 | SneakySalmon · resign |
[ ANÁLISIS IA · 1 CRÉDITO ]
¿Qué pasó realmente en esta partida?
Wolo.gg analiza cada decisión: build order, eco, micro, errores típicos por bracket. Análisis personalizado por WhatsApp o Discord en 30 segundos.
Guía civ
Romanos
Perfil
SneakySalmon